 Dungeon Crawl Stone Soup version 0.32-a0-666-ge8a88695a4 (webtiles) character file.

Game seed: 6257891180218598231

165 adelrune the Trooper (level 5, -8/42 HPs)
             Began as a Demonspawn Fighter on Mar 9, 2024.
             Killed by divine providence
             ... invoked by an orc priest
              (10 damage)
             ... on level 3 of the Dungeon.
             The game lasted 00:05:31 (1233 turns).

adelrune the Trooper (Demonspawn Fighter)           Turns: 1233, Time: 00:05:32

Health: -8/42      AC: 10    Str: 19    XL:     5   Next: 22%
Magic:  0/5        EV:  9    Int:  8    God:
Gold:   53         SH:  4    Dex: 12    Spells: 4/4 levels left

rFire   . . .        a - +0 war axe
rCold   . . .        c - +0 buckler
rNeg    . . .        b - +0 scale mail
rPois   .            n - +0 helmet
rElec   .            (no cloak)
rCorr   .            (no gloves)
SInv    .            (no boots)
Will    .....        (no amulet) Stlth
                     (no ring)
HPRegen 0.27/turn    (no ring)
MPRegen 0.18/turn

%: guardian spirit
@: no status effects
A: molten scales 1, magic shield, magic regeneration
a: Convert to Beogh


You were on level 3 of the Dungeon.
You visited 1 branch of the dungeon, and saw 3 of its levels.

You collected 53 gold pieces.

Inventory:

Hand Weapons
 a - a +0 war axe (weapon)
Missiles
 e - 3 curare-tipped darts (quivered)
 f - a throwing net
Armour
 b - a +0 scale mail (worn)
 c - a +0 buckler (worn)
 n - a +0 helmet (worn)
Scrolls
 i - 3 scrolls of enchant armour {unknown}
 l - 2 scrolls of noise {unknown}
Potions
 d - a potion of might
 g - a potion of heal wounds {unknown}
 h - a potion of invisibility {unknown}
 j - a potion of lignification {unknown}
 k - a potion of haste {unknown}
 m - a potion of cancellation {unknown}


   Skills:
 + Level 3.8 Fighting
 * Level 3.4 Axes
 + Level 3.3 Armour
 + Level 3.3 Shields


You had 4 spell levels left.
You didn't know any spells.
Your spell library contained the following spells:

 Spells                   Type           Power      Damage    Failure   Level
 Sublimation of Blood     Necr           0%         N/A       94%         2
 Stone Arrow              Conj/Erth      0%         3d7       99%         3
 Animate Armour           Summ/Erth      0%         N/A       100%        4
 Petrify                  Alch/Erth      0%         N/A       100%        4
 Irradiate                Conj/Alch      0%         3d11      100%        5
 Lehudib's Crystal Spear  Conj/Erth      0%         10d2      100%        8


Dungeon Overview and Level Annotations

Branches:
Dungeon (3/15)

Altars:
Trog
Vehumet


Innate Abilities, Weirdness & Mutations

You are partially covered in molten scales. (AC +2)
When hurt, damage is shared between your health and your magic reserves.
You regenerate magic rapidly.


Message History

You closely miss the orc priest.
The orc priest is severely wounded.
You hit the orc wizard. You hit the orc. The orc priest barely misses you.
The orc misses you.
The orc wizard hits you but does no damage.
The orc wizard closely misses you. You block the orc's attack.
The orc priest hits you with a +0 club.
* * * LOW HITPOINT WARNING * * *
You closely miss the orc priest.
The orc priest is severely wounded.
You barely miss the orc. You hit the orc wizard.
The orc hits you but does no damage.
The orc wizard points at you and mumbles some strange words.
You resist with some effort.
The orc priest hits you but does no damage.
You hit the orc priest.
The orc priest is severely wounded.
You hit the orc but do no damage.
The orc priest shouts, "The Pantheon deserves no one's loyalty.
Let us show you the true path!"
You hit the orc wizard but do no damage.
The orc hits you but does no damage.
The orc wizard hits you but does no damage.
The orc priest hits you but does no damage.
You barely miss the orc priest.
The orc priest shouts, "Beogh offers mercy even to people such as you.
Join us and be reborn!"
The orc priest is severely wounded.
You barely miss the orc wizard. You hit the orc.
You kill the orc!
The orc priest closely misses you. The orc wizard casts a spell at you.
The magic dart hits you.
* * * LOW HITPOINT WARNING * * *
The orc priest calls upon Beogh to heal the orc wizard.
The orc wizard is healed somewhat.
The orc wizard barely misses you.
You completely miss the orc priest.
The orc priest is severely wounded.
You closely miss the orc wizard.
The orc priest calls down the wrath of Beogh upon you.
Beogh smites you!
You die...

≈.≈.≈.≈.≈ ≈.≈...≈.≈
...... ≈.≈≈≈≈≈.≈....
...... ..≈ ≈......
...... ≈≈
≈≈......###...... ..
........#........ ..
........#........ ..
.)......#o)...... ..
........o@)...... ..
................. ..
................. ..
......!....##...!...
.. ...........#
...(... #
....#...[..#
#........ ...
#......####........
## ..
##.................
..
##.................


You could see an orc priest and an orc wizard.

Vanquished Creatures
  An ogre (D:3)
  Terence (D:2)
  A dart slug (D:2)
  A ribbon worm (D:2)
  4 orcs (D:3)
  4 bats (D:2)
  4 endoplasms
  A giant cockroach (D:1)
  4 goblins
  4 hobgoblins
  7 jackals (D:3)
  A quokka (D:3)
  2 ball pythons
  2 frilled lizards
  2 kobolds
  5 rats
44 creatures vanquished.

Notes
Turn   | Place    | Note
-------+----------+-------------------------------------------
     0 | D:1      | adelrune the Demonspawn Fighter began the quest for the
                  | Orb.
     0 | D:1      | Reached XP level 1. HP: 18/18 MP: 1/1
   210 | D:1      | Gained mutation: You regenerate magic rapidly. [demonic
                  | ancestry]
   210 | D:1      | Reached XP level 2. HP: 24/24 MP: 2/2
   406 | D:1      | You fall into a shaft and drop 1 floor!
   438 | D:2      | Noticed Terence
   446 | D:2      | Killed Terence
   447 | D:2      | Gained mutation: When hurt, damage is shared between your
                  | health and your magic reserves. [demonic ancestry]
   447 | D:2      | Reached XP level 3. HP: 19/29 MP: 3/3
   608 | D:2      | Found a faded altar of an unknown god.
   956 | D:3      | Found a bloodstained altar of Trog.
   994 | D:3      | Found a radiant altar of Vehumet.
  1161 | D:3      | Noticed an ogre
  1170 | D:3      | Killed an ogre
  1171 | D:3      | Gained mutation: You are partially covered in molten
                  | scales. (AC +2) [demonic ancestry]
  1171 | D:3      | Reached XP level 4. HP: 28/37 MP: 4/4
  1171 | D:3      | Reached XP level 5. HP: 32/42 MP: 5/5
  1232 | D:3      | HP: 2/42 [orc wizard/magic dart (4)]
  1233 | D:3      | Killed from afar by an orc priest

Illustrated notes

Levels and vault maps discovered:
D:1:      scummos_arrival_checkerplants, layout_loops_ring
D:2:      cheibrodos_old_hovel, layout_rooms, basic_ecumenical_altar,
          uniq_terence
D:3:      lemuel_castle_with_subvaults [lemuel_castle_interior_carwin_3],
          layout_basic, lemuel_doored_altar, mainiacjoe_overflow_catwalk_spiral

Skill      XL: |  1  2  3 |
---------------+----------+-----
Axes           | 2 3 |  3.4
Armour         | 3 |  3.3
Shields        | 3 |  3.3
Fighting       | |  3.8

Action                     |  1- 3 |  4- 6 || total
---------------------------+-------+-------++-------
  Melee: War axe           |   110 |    17 ||   127
    Use: Potion            |     1 |       ||     1
 Armour: Scale mail        |    82 |    17 ||    99
  Dodge: Dodged            |    50 |    10 ||    60
  Block: Buckler           |    25 |     5 ||    30

Table legend: (Time is in decaauts)
 A = Elapsed time spent in this place.
 B = Non-inter-level travel time spent in this place.
 C = Inter-level travel time spent in this place.
 D = Time resting spent in this place.
 E = Time spent auto-exploring this place.
 F = Levels seen in this place.
 G = Mean time per level.
                   A        B        C        D        E       F      G
               +--------+--------+--------+--------+--------+-----+--------+
         Total |   1284 |   1254 |     30 |     85 |    785 |   3 |  428.0 |
       Dungeon |   1284 |   1254 |     30 |     85 |    785 |   3 |  428.0 |
               +--------+--------+--------+--------+--------+-----+--------+

Top non-repeatable levels by time:
     D:2: 569 daAuts
     D:1: 419 daAuts
     D:3: 295 daAuts
